 Dungeon Crawl Stone Soup version 0.31-a0-185-g9dded2c639 (webtiles) character file.

Game seed: 11549721552784870226

25 qw the Shooter (level 2, -1/16 HPs)
             Began as a Deep Elf Hunter on June 22, 2023.
             Succumbed to their own poison gas
             ... on level 1 of the Dungeon.
             The game lasted 00:00:13 (610 turns).

qw the Shooter (Deep Elf Hunter)                     Turns: 610, Time: 00:00:14

Health: -1/16      AC:  3    Str:  8    XL:     2   Next: 86%
Magic:  4/4        EV: 13    Int: 13    God:
Gold:   36         SH:  0    Dex: 18    Spells: 1/1 levels left

rFire   . . .        Y - +0 shortbow
rCold   + . .        (shield currently unavailable)
rNeg    . . .        h - +0 robe {Will+}
rPois   .            i - +0 helmet
rElec   .            (no cloak)
rCorr   .            (no gloves)
SInv    .            (no boots)
Will    +....        (no amulet)
Stlth   ++           g - ring of protection from cold
HPRegen 0.22/turn    (no ring)
MPRegen 0.09/turn

%: no passive effects
@: lethally poisoned (-1 -> -8)
A: no striking features
a: no special abilities


You were on level 1 of the Dungeon.
You visited 1 branch of the dungeon, and saw 1 of its levels.

You collected 36 gold pieces.


   Skills:
 - Level 1.5 Fighting
 + Level 6.5 Ranged Weapons
 - Level 2.4 Dodging
 - Level 1.2 Stealth


You had one spell level left.
You didn't know any spells.
Your spell library was empty.

Inventory:

Hand Weapons
 Y - a +0 shortbow (weapon)
Armour
 c - a +0 leather armour
 h - a +0 robe of willpower (worn)
 i - a +0 helmet (worn)
Jewellery
 g - a ring of protection from cold (left hand)
Scrolls
 a - a scroll of teleportation
Potions
 d - a potion of brilliance {unknown}

Dungeon Overview and Level Annotations

Branches:
Dungeon (1/15)

Altars:


Message History

Partly explored, can't reach some items and places.
600 ||| READING 2 scrolls labelled TINIMO BERA.
As you read the scroll labelled TINIMO BERA, it crumbles to dust.
You feel strangely unstable.
It was a scroll of teleportation.
You start waiting.
Your surroundings suddenly seem different.
Enter note:
Enter note:
Enter note: Partly explored, can't reach some items and places.
605 ||| READING scroll labelled RIBRETYCWU.
The air fills with toxic fumes!
As you read the scroll labelled RIBRETYCWU, it crumbles to dust.
It was a scroll of poison.
Partly explored, can't reach some items and places.
606 ||| DROPPING scroll of butterflies.
You drop a scroll of butterflies.
Partly explored, can't reach some items and places.
(D) Dungeon
Where to? (* - list waypoints, ? - help)
What level of the Dungeon? (default 1, ? - help) Sorry, I don't know how to get there.
Enter note:
Enter note:
Enter note:
Enter note:
Enter note:
Enter note:
Enter note:
Enter note:
Enter note: Really walk into that cloud of poison gas?
You are engulfed in poison gas.
You are poisoned.
You feel very sick.
608 ||| Stepping ~*~*~tactically~*~*~ (cloud).
You feel very sick.
You see here a scroll of butterflies.
There is a lethal amount of poison in your body!
You feel sick.
There is a lethal amount of poison in your body!
You die...

####### #...).# ######
#.###.# #..¤¤# #.# #.#
#.##@# #.# #.#
#############.##¤# #.#
#.# ......%.....#.##¤#
#.# #.#
#.###.#####.#.##¤# #.#
#.#### #.###.###
#.#.##¤# ###.# #....#
#.......###.#.##¤###...#
####.#
#..##..........¤¤¤.....#
#.#
.......[.......¤¤¤##...#
#.#
......#####.#.##..###..#
#.#


There were no monsters in sight!

Vanquished Creatures
  A dart slug (D:1)
  2 ball pythons (D:1)
  An endoplasm (D:1)
  2 goblins (D:1)
  4 hobgoblins (D:1)
  3 jackals (D:1)
  2 quokkas (D:1)
  A bat (D:1)
  2 frilled lizards (D:1)
  2 kobolds (D:1)
20 creatures vanquished.

Vanquished Creatures (others)
  A goblin (D:1)
1 creature vanquished.

Grand Total: 21 creatures vanquished

Notes
Turn   | Place    | Note
-------+----------+-------------------------------------------
     0 | D:1      | qw the Deep Elf Hunter began the quest for the Orb.
     0 | D:1      | Reached XP level 1. HP: 12/12 MP: 3/3
     0 | D:1      | 0 ||| qw: Version: 0.3-a-9-g12657ce
     0 | D:1      | 0 ||| qw: Game counter: 1698
     0 | D:1      | 0 ||| qw: Always use a shield: true
     0 | D:1      | 0 ||| qw: God list: Okawaru
     0 | D:1      | 0 ||| qw: Allow faded altars: false
     0 | D:1      | 0 ||| qw: Do Orc after D:15 true
     0 | D:1      | 0 ||| qw: Do second Lair branch before Depths: true
     0 | D:1      | 0 ||| qw: Lair rune preference: random
     0 | D:1      | 0 ||| qw: Plans: Normal
     0 | D:1      | 0 ||| PLANNING D:1-11
    62 | D:1      | Reached skill level 6 in Ranged Weapons
    62 | D:1      | Reached XP level 2. HP: 16/16 MP: 4/4
   583 | D:1      | 583 ||| UPGRADING to +0 robe of willpower.
   593 | D:1      | 593 ||| UPGRADING to +0 helmet.
   598 | D:1      | 598 ||| DROPPING +6 ring of intelligence.
   599 | D:1      | 599 ||| UPGRADING to ring of protection from cold.
   600 | D:1      | 600 ||| READING 2 scrolls labelled TINIMO BERA.
   605 | D:1      | 605 ||| READING scroll labelled RIBRETYCWU.
   606 | D:1      | 606 ||| DROPPING scroll of butterflies.
   608 | D:1      | 608 ||| Stepping ~*~*~tactically~*~*~ (cloud).
   608 | D:1      | HP: 3/16 [poisoned by you (poison gas)]
   609 | D:1      | HP: 1/16 [poisoned by you (poison gas)]
   610 | D:1      | Succumbed to their own poison gas

Levels and vault maps discovered:
D:1:      dpeg_arrival_tiny_a, layout_loops_ring, lemuel_flame_loot_1

Skill      XL: |  1 |
---------------+----+-----
Ranged Weapons | 6 |  6.5
Fighting       | |  1.5
Dodging        | |  2.4
Stealth        | |  1.2

Action                     || total
---------------------------++-------
   Fire: Shortbow          ||    39
    Use: Scroll            ||     2
 Armour: Leather armour    ||     3
  Dodge: Dodged            ||     2

Table legend:
 A = Non-vault XP
 B = Vault XP
 C = Vault XP percentage of total XP
 D = Non-vault monster count
 E = Vault monster count
 F = Vault count percentage of total count
                 A         B        C        D         E       F
            +---------+---------+-------+---------+---------+-------
      Total |      37 |       0 |   0.0 |      20 |       0 |   0.0
            +---------+---------+-------+---------+---------+-------
        D:1 |      37 |       0 |   0.0 |      20 |       0 |   0.0
            +---------+---------+-------+---------+---------+-------
